 Dungeon Crawl Stone Soup version 0.14-a0-2632-gd2f732a (console) character file.

540880 intr the Crack Shot (level 24, -1/224 HPs)
             Began as a Centaur Hunter on Feb 6, 2014.
             Was an Elder of Jiyva.
             Slain by an Orb Guardian (23 damage)
             ... on Level 5 of the Realm of Zot on Feb 15, 2014.
             The game lasted 09:27:18 (77724 turns).

intr the Crack Shot (Centaur Hunter)               Turns: 77724, Time: 09:27:18

HP  -1/224       AC 49     Str 35      XL: 24   Next: 62%
MP  33/33        EV  3     Int  8      God: Jiyva [****..]
Gold 3723        SH 28     Dex  8      Spells:  0 memorised, 23 levels left

rFire  + + +     SeeInvis +     a - +5 demon blade (freeze)
rCold  + . .     Clarity  +     o - +8 crystal plate armour of Catatonia {Dex+2 Acc+3}
rNeg   + . .     Conserve .     D - +0 orc shield {rPois}
rPois  +         rCorr    +     (helmet restricted)
rElec  .         rRot     .     i - +1 elf cloak
SustAb . .       Spirit   .     l - +1 pair of gloves of Leapfrog {+Rage +Inv rC++ SInv}
rMut   .         Warding  +     I - +4 centaur barding {Fly}
Saprov . . .     Stasis   .     T - amulet of warding
MR     +....                    g - ring of fire
                                O - ring of protection from fire

@: flying, very slightly contaminated, hasted, very quick, somewhat resistant to
hostile enchantments, extremely unstealthy
A: antennae 1, hooves 3, slimy green scales 1, clarity, deformed body, fire
resistance 1, herbivore 1, speed 2, fast metabolism 1, screaming 1, strong 1,
tough skin 3, translucent skin 2, jelly absorbing missiles
a: Request Jelly, Jelly Paralyse, Slimify, Renounce Religion, Evoke Berserk
Rage, Evoke Invisibility, Stop Flying
}: 3/15 runes: barnacled, slimy, gossamer


You were on level 5 of the Realm of Zot.
You worshipped Jiyva.
Jiyva was greatly pleased with you.
You were starving.

You visited 9 branches of the dungeon, and saw 58 of its levels.
You also visited: Bailey, Ice Cave and Volcano.

You collected 4556 gold pieces.
You spent 833 gold pieces at shops.

Inventory:

Hand weapons
 a - a +5,+5 demon blade of freezing (weapon)
 b - a +4,+0 longbow of frost
 e - a +2,+3 scimitar of flaming
 n - a +2,+0 eudemon blade of holy wrath
 C - a +3,+0 longbow
Missiles
 c - 552 arrows
 h - 43 arrows of frost
 k - 53 poisoned arrows
 y - 6 arrows of dispersal
 K - 49 arrows of flame
Armour
 i - a +1 elven cloak (worn)
 l - the +1 pair of gloves of Leapfrog (worn) {+Rage +Inv rC++ SInv}
   (You found it on level 8 of the Lair of Beasts)

   It greatly protects you from cold.
   It enhances your eyesight.
   It lets you turn invisible.
   It lets you go berserk.
 o - the +8 crystal plate armour of Catatonia (worn) {Dex+2 Acc+3}
   (You found it in a bailey)

   It affects your dexterity (+2).
   It affects your accuracy with ranged weapons and melee attacks (+3).
 D - a +0 orcish shield of poison resistance (worn)
 I - a +4 centaur barding of flying (worn)
Magical devices
 f - a wand of teleportation (4)
 m - a wand of enslavement (16)
 u - a wand of digging (9)
 z - a wand of draining (2)
 E - a wand of paralysis (11)
 M - a wand of disintegration (6)
 P - a wand of digging (15)
 R - a wand of fireball (3)
 U - a wand of teleportation (2)
 Y - a wand of invisibility (4)
Scrolls
 p - 9 scrolls of teleportation
 t - a scroll of vulnerability
 w - 7 scrolls of remove curse
 J - a scroll of blinking
 L - a scroll of identify
 V - 3 scrolls of fog
 Z - 4 scrolls of recharging
Jewellery
 d - an uncursed ring of positive energy
 g - a ring of fire (right hand)
 r - an uncursed ring of regeneration
 A - an uncursed ring of protection from fire
 O - a ring of protection from fire (left hand)
 T - an amulet of warding (around neck)
 W - an uncursed ring of protection from magic
 X - a +3,+5 ring of slaying
Potions
 s - 2 potions of berserk rage
 B - a potion of magic
 F - 5 potions of curing
 G - a potion of heal wounds
 H - 2 potions of speed
 S - a potion of cure mutation
Miscellaneous
 v - a phial of floods
 x - a stone of tremors


   Skills:
 - Level 20.2 Fighting
 - Level 14.6 Long Blades
 - Level 23.6 Bows
 + Level 19.2 Armour
 - Level 1.3 Dodging
 - Level 0.5 Stealth
 - Level 12.0 Shields
 - Level 11.1 Evocations


You had 23 spell levels left.
You didn't know any spells.

Dungeon Overview and Level Annotations

Branches:
Dungeon (16/16)            Temple (0/1) D:4             Orc (4/4) D:10
    Elf (0/3) Orc:3          Lair (8/8) D:11         Shoals (5/5) Lair:4
 Spider (5/5) Lair:5        Slime (6/6) Lair:6       Vaults (3/5) D:14
  Crypt (0/5) Vaults:2        Zot (5/5) Depths:6     Depths (6/6) D:16
  Blade: Vaults:3-4

Altars:
Ashenzari
Cheibriados
Dithmenos
Elyvilon
Fedhas
Makhleb
Nemelex Xobeh
Trog
Vehumet
Zin
The Shining One
Beogh
Jiyva

Shops:
D:13 :   D:14 }   D:15 ?}   Orc:4 =!*:   Shoals:3 /   Depths:5 !

Portals:
Hell: Depths:1 Depths:2 Depths:3 Depths:4 Depths:5 Depths:6
Abyss: Depths:3 Depths:4
Pandemonium: Depths:1 Depths:3
Ziggurat: Depths:6
Trove: D:13 (give 5 potions of speed)

Annotations:
D:5 Dowan, Duvessa
D:8 Erolcha
Orc:4 Urug
Shoals:1 exclusion: Roxanne, Roxanne
Shoals:5 Ilsuiw
Slime:6 Royal Jelly
Vaults:3 Boris; Saint Roka
Depths:5 Jorgrun


Innate Abilities, Weirdness & Mutations

You have hooves in place of feet.
Armour fits poorly on your strangely shaped body.
You digest meat inefficiently.
You cover ground very quickly.
You have a fast metabolism.
You have extremely tough skin (AC +3).
You have a pair of small antennae on your head.
You are partially covered in slimy green scales (AC +2).
You possess an exceptional clarity of mind.
Your flesh is heat resistant.
You occasionally shout uncontrollably.
Your muscles are strong. (Str +2)
Your skin is mostly translucent (Stlth).
You have a small jelly attached to you that may absorb incoming projectiles.


Message History

The Orb Guardian is almost dead.
You block the Orb Guardian's attack. The Orb Guardian hits you!
* * * LOW HITPOINT WARNING * * *
You hit the Orb Guardian but do no damage.
You kick the Orb Guardian, but do no damage.
The Orb Guardian is almost dead.
The Orb Guardian hits you but does no damage.
Drink which item? (? for menu, Esc to quit)
You feel much better. The Orb Guardian hits you!
* * * LOW HITPOINT WARNING * * *
You block the Orb Guardian's attack.
The Orb Guardian hits you but does no damage.
Drink which item? (? for menu, Esc to quit)
You feel yourself speed up.
The Orb Guardian hits you but does no damage.
You are very lightly contaminated with residual magic.
You slash the Orb Guardian! You freeze the Orb Guardian!
You kill the Orb Guardian!
The Orb Guardian hits you!
You die...

#...J##.............................##
....###.............8................## ...##
##..............................## ..##
##.........................[......## .##
##...####.......########.......#....## ## ##...##
#.......# #.......###....## # ##...## ##......#
##.......# ##....## ##...##
#####......######........## ##....##
##.....###.........................## ##....##
........#...........................## ##.<..##
..............8.................##...## ##....##
.............J.................####...## ##....##
..........##....####....###....## ##...####.....##
###......###....# #...## ##....## ##...#........## #
##....## ##...# ##...# ##.....## ##............##
##.....#####J..###...#####....J..###..............#
#.......#.....................................%...#
#............................#....................#
#..................J........##....................#
##....#....................####....................#
......####.J...............# #....................#
......# #.................####...............8....#
......# #.................#.........##....#####...#
#####▓▓ ########.########▓▓▓▓################ ▓▓▓▓
....## #...............# ##..............## .....##
##.............## ##................## ......##
#.............# ##..................## .......#
##...........## #...........@........# .......#
#....J......# #..........X.^.......# .......#
##...........## #....................# .......#
#.............# #....................# .......#
##.............## #....................#
.......###..........J....###....................#
......###...###########...###..................##
.....##....## ##....##................##
...^.....### ###...^............... ▓▓▓▓▓▓▓▓▓#
#▓▓▓▓▓▓▓▓▓▓▓## .....▓▓▓▓ ........▓## ..........##
.^.........# ...........▓ ...........▓ .
...........▓..X ................ ...........▓
...........▓ .......J...▓ ...........▓ ..........▓▓
........▓▓▓ .....▓▓▓▓ ▓▓▓▓▓▓


You could see an Orb Guardian.

Vanquished Creatures
  3 orbs of fire (Zot:5)
  An ancient lich (Zot:5)
  A curse toe (Zot:5)
  Norris (D:14)
  Mennas (Depths:6)
  3 Killer Klowns (Zot:5)
  10 golden dragons
  3 electric golems
  7 bone dragons
  15 tentacled monstrosities
  The ghost of Moksha the Sensei, a mighty DrMo of Okawaru (Depths:1)
  18 Orb Guardians (Zot:5)
  2 titans (Depths:5)
  Asterion (Spider:5)
  A kraken (Shoals:4)
  2 sphinxes
  11 storm dragons
  7 shadow dragons
  3 tengu reavers
  5 draconian monks
  8 fire giants
  9 frost giants
  10 ghost moths
  Donald (Vaults:1)
  Maud (Lair:4)
  4 draconian scorchers
  4 vault wardens
  An emperor scorpion (Spider:5)
  The ghost of ghwc the Destroyer, a powerful HEWz of Okawaru (D:15)
  5 draconian zealots
  3 draconian knights (Zot:5)
  A draconian annihilator (Zot:5)
  4 draconian shifters
  5 spriggan defenders
  10 green draconians
  20 stone giants
  4 draconian callers
  8 grey draconians
  3 vampire knights
  6 yellow draconians
  Azrael (Vaults:1)
  7 red draconians
  9 purple draconians
  11 pale draconians
  7 mottled draconians
  5 white draconians
  2 merfolk javelineers
  8 spriggan air magi
  10 black draconians
  Snorg (Lair:4)
  9 merfolk impalers
  22 ettins
  3 death cobs
  19 fire dragons
  2 sirens
  13 ice dragons
  11 yaktaur captains
  4 merfolk aquamancers
  Harold (Lair:5)
  Josephine (Shoals:1)
  4 naga warriors
  11 hydras
  10 deep troll earth magi
  Erica (D:14)
  2 alligator snapping turtles
  4 death yaks
  Nessos (D:12)
  8 ogre magi
  A spriggan assassin (Depths:5)
  A naga sharpshooter (Depths:4)
  3 satyrs
  6 spriggan berserkers
  11 deep troll shamans
  10 centaur warriors
  A sun demon (Depths:6)
  4 very ugly things
  A fire crab (Vaults:2)
  2 tengu warriors
  An orc high priest (Vaults:2)
  A soul eater (Zot:2)
  A spriggan druid (Depths:5)
  A fire crab (shapeshifter) (Depths:2)
  2 hell knights
  17 sea snakes
  6 ice devils
  A flayed ghost (Depths:2)
  4 skeletal warriors (Vaults:2)
  8 iron trolls
  An unseen horror (D:16)
  34 deep trolls
  A hill giant (shapeshifter) (Depths:5)
  8 large abominations (Depths:4)
  13 orb spiders
  A golden dragon zombie (Depths:2)
  2 ironbrand convokers
  An ice statue (IceCv)
  A lindwurm (shapeshifter) (Vaults:2)
  2 necromancers (Depths:2)
  A flaming corpse (Volcano)
  A swamp dragon (shapeshifter) (Depths:4)
  Joseph (D:12)
  5 water nymphs
  21 harpies
  5 lindwurms
  4 wizards
  29 wolf spiders
  7 orc knights
  13 hill giants
  8 cyclopes
  A fire giant zombie (Depths:2)
  7 red wasps
  22 moths of wrath
  7 griffons
  A draconian zombie (Zot:2)
  An orc sorcerer (Vaults:2)
  10 elephants
  2 feature mimics
  An iron dragon skeleton (Depths:2)
  4 vault sentinels (Vaults:1)
  Maurice (D:8)
  A smoke demon (D:15)
  2 stone giant skeletons
  An elephant (shapeshifter) (Depths:4)
  A sixfirhy (Orc:3)
  22 octopodes
  2 queen ants
  A merfolk zombie (Shoals:1)
  11 fauns
  A black draconian zombie (Zot:2)
  3 naga magi
  A tormentor (Zot:3)
  A pale draconian zombie (Zot:1)
  A yaktaur zombie (Vaults:2)
  A grey draconian zombie (Zot:5)
  11 mermaids
  12 demonic crawlers
  2 phoenix simulacra (IceCv)
  6 black mambas
  3 golden dragon simulacra (IceCv)
  2 centaur zombies
  A mermaid (shapeshifter) (Depths:1)
  9 spiny frogs
  2 anaconda simulacra (IceCv)
  7 komodo dragons
  A fire drake (shapeshifter) (Depths:1)
  A fire drake (Lair:6)
  33 merfolk
  A tengu conjurer (Depths:2)
  A wandering mushroom (Lair:8)
  31 yaktaurs
  2 iron devils
  10 trolls
  A red devil (Vaults:2)
  4 freezing wraiths (IceCv)
  A deep elf priest (Depths:4)
  A black draconian skeleton (Zot:2)
  A polar bear (Lair:7)
  A harpy zombie (Shoals:1)
  A centaur skeleton (D:15)
  A giant firefly (Depths:6)
  A jumping spider (shapeshifter) (Depths:1)
  A queen bee (shapeshifter) (D:13)
  A queen bee (Lair:8)
  Sonja (Spider:1)
  10 spriggans
  45 jumping spiders
  3 blue devils
  A hydra skeleton (D:11)
  A hellwing (Zot:5)
  A wind drake (Shoals:5)
  12 blink frogs
  23 two-headed ogres
  A frost giant simulacrum (Vaults:1)
  7 snapping turtles
  A wolf spider simulacrum (IceCv)
  An ettin zombie (Depths:2)
  A troll (shapeshifter) (Vaults:2)
  An ice dragon zombie (Zot:2)
  3 ravens
  2 basilisks
  A griffon zombie (D:15)
  23 trapdoor spiders
  3 grizzly bears
  3 formicids
  A boulder beetle (Vaults:2)
  9 human skeletons (Vaults:2)
  2 vampires
  2 air elementals (Depths:5)
  3 ettin skeletons (Vaults:2)
  A basilisk (shapeshifter) (D:13)
  5 wraiths
  29 redbacks
  A toenail golem (Volcano)
  A formicid (shapeshifter) (Depths:5)
  10 hippogriffs
  6 fire elementals
  32 sharks
  7 fire bats
  38 water elementals
  25 tarantellas
  2 wyverns
  45 ugly things
  45 yaks
  Eustachio (D:8)
  2 elephant slugs
  A golden eye (shapeshifter) (Depths:1)
  2 molten gargoyles (Volcano)
  A wind drake zombie (Shoals:1)
  4 hungry ghosts
  A dire elephant simulacrum (IceCv)
  6 chaos spawn
  A hippogriff (shapeshifter) (Depths:2)
  A ynoxinul (Zot:2)
  12 manticores
  14 humans
  4 clay golems
  9 vampire mosquitoes
  A steam dragon (Lair:6)
  A death yak simulacrum (IceCv)
  17 wolves
  3 nagas (Depths:4)
  28 soldier ants
  3 hydra simulacra (IceCv)
  2 mottled dragons
  8 porcupines
  2 harpy simulacra (IceCv)
  4 necrophages
  26 orc warriors
  3 black bears
  12 crocodiles
  12 giant goldfish
  3 phantoms
  4 lava worms
  3 sky beasts
  58 ogres
  3 small abominations (Depths:4)
  A manticore skeleton (D:14)
  2 ice beasts
  An alligator simulacrum (IceCv)
  3 yellow wasps
  An ettin simulacrum (IceCv)
  3 boring beetles
  21 centaurs
  2 big kobolds
  A brain worm (shapeshifter) (Depths:2)
  The ghost of wojtek the Cutter, an average KoAs (D:4)
  A big kobold (shapeshifter) (Depths:2)
  A human zombie (Vaults:2)
  3 giant slugs
  A mermaid zombie (Shoals:1)
  Blork the orc (D:7)
  2 yaktaur skeletons
  17 giant frogs
  5 wargs
  An agate snail (shapeshifter) (Depths:2)
  13 water moccasins
  8 agate snails
  2 earth elementals (Volcano)
  A mermaid skeleton (Shoals:1)
  A hippogriff zombie (D:11)
  A cyclops skeleton (D:15)
  15 jellyfish
  33 killer bees
  3 wights (D:10)
  2 lava snakes (Zot:2)
  13 big fish
  A manticore simulacrum (Shoals:1)
  11 hounds
  13 electric eels
  19 crimson imps
  2 draconian simulacra (IceCv)
  12 goliath beetles
  27 spiders
  A giant frog skeleton (D:8)
  20 orc wizards
  Crazy Yiuf (D:5)
  15 orc priests
  5 jellies
  A gnoll shaman (D:5)
  14 iron imps
  5 iguanas
  Natasha (thrice) (D:6)
  14 scorpions
  A basilisk skeleton (D:15)
  4 troll simulacra (IceCv)
  A killer bee zombie (D:10)
  An orange rat (D:7)
  A shark simulacrum (Shoals:1)
  4 spectral orcs (D:11)
  10 sheep
  52 worker ants
  5 boggarts
  A centaur simulacrum (IceCv)
  3 ogre skeletons
  A hound skeleton (D:6)
  2 hound zombies
  12 gnolls
  72 green rats
  A naga simulacrum (IceCv)
  An orc zombie (D:8)
  2 giant centipedes
  2 ogre simulacra (IceCv)
  2 lemures (D:8)
  27 adders
  9 white imps
  7 worms
  5 ufetubi (IceCv)
  4 adder zombies
  An iguana zombie (D:5)
  4 grey rats (D:7)
  3 giant eyeballs
  7 giant geckos
  5 oozes
  119 orcs
  2 ball pythons
  2 bat skeletons
  6 giant cockroaches
  A gnoll skeleton (D:5)
  20 goblins
  18 hobgoblins
  16 jackals
  26 kobolds
  11 quokkas
  25 bats
  4 giant newts
  A kobold skeleton (D:5)
  2 orc skeletons
  A quokka skeleton (D:6)
  29 rats
  13 ballistomycetes
  A bush (D:8)
  4 plants
  6 tentacles
2428 creatures vanquished.

Vanquished Creatures (collateral kills)
  A titan (Depths:4)
  A kraken (Shoals:1)
  An ettin (Orc:4)
  An ogre mage (Orc:4)
  An orb spider (Spider:1)
  A cyclops (D:12)
  A two-headed ogre (Orc:4)
  A redback (Spider:1)
  A spider (Spider:1)
  3 orcs (Orc:4)
12 creatures vanquished.

Vanquished Creatures (others)
  An ancient lich (Zot:5)
  2 acid blobs
  An eldritch tentacle (Shoals:3)
  3 azure jellies (Zot:5)
  A draconian knight (Zot:1)
  A draconian annihilator (Zot:5)
  A spriggan defender (Depths:5)
  A stone giant (Depths:5)
  A green draconian (Zot:5)
  A black draconian (Zot:5)
  2 death oozes (Zot:5)
  A yaktaur captain (Depths:2)
  2 ice dragons
  3 ogre magi
  A death yak (Lair:8)
  An orc high priest (Orc:3)
  Nergalle (D:11)
  A sun demon (Zot:5)
  2 centaur warriors
  3 orb spiders
  A ball lightning (Zot:2)
  5 giant amoebae
  2 hill giants
  A necromancer (Vaults:2)
  A wizard (D:4)
  A deep elf conjurer (Depths:4)
  A red wasp (Vaults:2)
  A cyclops (Shoals:3)
  A shining eye (Slime:6)
  A vault sentinel (Vaults:2)
  7 drowned souls
  2 moths of wrath (Zot:5)
  A queen ant (shapeshifter) (Depths:5)
  13 yaktaurs
  2 demonic crawlers
  A smoke demon (Zot:5)
  A troll (Orc:3)
  A yaktaur skeleton (Vaults:2)
  A spriggan (Depths:5)
  25 slime creatures
  A fire drake (Lair:8)
  A fire vortex (Zot:2)
  4 jumping spiders
  3 two-headed ogres
  An ettin zombie (Vaults:2)
  2 blink frogs (Lair:6)
  4 yaks
  A brown ooze (Spider:5)
  5 redbacks
  An ugly thing (Depths:2)
  2 water elementals (D:13)
  A wyvern (D:13)
  3 sharks
  3 fire elementals (Vaults:1)
  3 wolves (Lair:8)
  A human (D:14)
  3 hippogriffs
  A naga (Zot:5)
  A small abomination (Depths:4)
  A soldier ant (D:13)
  A mottled dragon (D:13)
  A black bear (D:13)
  A porcupine (Lair:2)
  2 orc warriors (Orc:4)
  A giant goldfish (D:9)
  A sky beast (D:11)
  13 ogres
  A centaur (Shoals:4)
  3 rotting devils
  A warg (Orc:3)
  12 orc priests
  4 giant frogs
  3 water moccasins
  697 jellies
  2 eyes of draining
  A wyvern skeleton (D:12)
  3 electric eels
  A jellyfish (D:13)
  A killer bee (Lair:8)
  A goliath beetle (D:10)
  2 hounds
  4 crimson imps
  6 spiders
  5 big fish
  13 orc wizards
  4 spectral orcs (D:11)
  4 worker ants
  13 sheep
  A centaur simulacrum (IceCv)
  A mottled dragon zombie (D:15)
  5 boggarts
  A mummy (D:13)
  2 adders
  A giant centipede (Zot:2)
  A lemure (D:8)
  7 green rats
  A giant mite (D:8)
  3 giant eyeballs
  74 orcs
  3 bats (D:9)
  2 goblins
  2 jackals (D:9)
  4 giant spores
  2 kobolds
  2 orc skeletons (D:10)
  4 quokkas
  4 rats
  A ballistomycete (D:7)
  115 eldritch tentacle segments (Shoals:3)
  4 fungi
  16 plants
  30 tentacles
  650 tentacle segments
1878 creatures vanquished.

Grand Total: 4318 creatures vanquished

Notes
Turn   | Place    | Note
--------------------------------------------------------------
     0 | D:1      | intr, the Centaur Hunter, began the quest for the Orb.
     0 | D:1      | Reached XP level 1. HP: 16/16 MP: 1/1
   417 | D:1      | Reached XP level 2. HP: 20/23 MP: 2/2
   485 | D:1      | Reached skill level 6 in Bows
   975 | D:1      | Reached XP level 3. HP: 28/28 MP: 3/3
  1610 | D:2      | Reached skill level 7 in Bows
  1823 | D:2      | Reached XP level 4. HP: 30/35 MP: 3/3
  2251 | D:2      | Reached skill level 8 in Bows
  2879 | D:3      | Reached XP level 5. HP: 40/40 MP: 4/4
  3737 | D:3      | Reached skill level 9 in Bows
  3865 | D:4      | Noticed wojtek's ghost (average KoAs)
  3874 | D:4      | Killed wojtek's ghost
  3874 | D:4      | Reached XP level 6. HP: 18/47 MP: 5/5
  4133 | D:4      | Found a staircase to the Ecumenical Temple.
  4175 | D:4      | Reached skill level 10 in Bows
  4370 | D:4      | Gained mutation: You are somewhat resistant to further mutation. [potion of beneficial mutation]
  4406 | D:4      | Found a bloodstained altar of Trog.
  4406 | D:4      | Noticed a wizard
  4415 | D:4      | Killed a wizard
  4450 | D:4      | Paralysed by a giant eyeball for 2 turns
  4457 | D:4      | Paralysed by a giant eyeball for 4 turns
  5267 | D:5      | Entered Level 5 of the Dungeon
  5478 | D:5      | Noticed Duvessa
  5480 | D:5      | Noticed Dowan
  5639 | D:5      | Noticed Crazy Yiuf
  5659 | D:5      | Killed Crazy Yiuf
  5659 | D:5      | Reached skill level 11 in Bows
  5659 | D:5      | Reached XP level 7. HP: 52/52 MP: 5/5
  6530 | D:5      | Reached skill level 12 in Bows
  7334 | D:5      | Reached XP level 8. HP: 48/59 MP: 6/6
  7337 | D:5      | Reached skill level 13 in Bows
  7901 | D:6      | Noticed Natasha
  7906 | D:6      | Killed Natasha
  7917 | D:6      | Reached skill level 5 in Fighting
  7978 | D:6      | Noticed Natasha
  7980 | D:6      | Killed Natasha
  7994 | D:6      | Noticed Natasha
  7996 | D:6      | Killed Natasha
  8330 | D:6      | Found a viscous altar of Jiyva.
  8631 | D:7      | Got a ruby-encrusted ring mail
  8645 | D:7      | Identified the +6 ring mail of Experimentation {rElec rPois Acc-1} (You found it on level 7 of the Dungeon)
  8769 | D:7      | Reached XP level 9. HP: 47/79 MP: 7/7
  9338 | D:7      | Got a brightly glowing mace
  9339 | D:7      | Identified the +6,+6 mace of Integrity {pain, -Cast MR++ Str+2} (You took it off an orc on level 7 of the Dungeon)
  9633 | D:7      | Noticed Blork the orc
  9639 | D:7      | Killed Blork the orc
 10149 | D:7      | Reached skill level 10 in Fighting
 10660 | D:8      | Reached skill level 1 in Armour
 10741 | D:8      | Found a flagged portal.
 10746 | Bailey   | Entered a bailey
 11099 | Bailey   | Noticed an orc knight
 11099 | Bailey   | Noticed an orc knight
 11115 | Bailey   | Reached XP level 10. HP: 72/93 MP: 7/7
 11846 | Bailey   | Got a faintly glowing crystal plate armour
 11872 | Bailey   | Identified the +8 crystal plate armour of Catatonia {Dex+2 Acc+3} (You found it in a bailey)
 12331 | D:8      | Found a glowing silver altar of Zin.
 12331 | D:8      | Found a white marble altar of Elyvilon.
 12332 | D:8      | Found a glowing golden altar of the Shining One.
 12333 | D:8      | Noticed Erolcha
 12412 | D:8      | Noticed Eustachio
 12436 | D:8      | Killed Eustachio
 12448 | D:8      | Found a burning altar of Makhleb.
 12490 | D:8      | Noticed Maurice
 12504 | D:8      | Killed Maurice
 13020 | D:8      | Reached skill level 5 in Armour
 13806 | D:8      | Found a blossoming altar of Fedhas.
 14581 | D:9      | Reached skill level 1 in Long Blades
 14698 | D:6      | Became a worshipper of Jiyva Junner the Shapeless
 15061 | D:6      | Acquired Jiyva's first power
 15498 | D:8      | Acquired Jiyva's second power
 15774 | D:9      | Found a burning altar of Makhleb.
 15780 | D:9      | Found a snail-covered altar of Cheibriados.
 15780 | D:9      | Found a shadowy altar of Dithmengos.
 15781 | D:9      | Found a radiant altar of Vehumet.
 15781 | D:9      | Found a shattered altar of Ashenzari.
 15786 | D:9      | Found a sparkling altar of Nemelex Xobeh.
 15881 | D:9      | Acquired Jiyva's third power
 15894 | D:9      | Gained mutation: Thin tendrils of slime have grown from your body. [Jiyva's grace]
 16185 | D:9      | Reached XP level 11. HP: 91/100 MP: 8/8
 16219 | D:9      | Acquired Jiyva's fourth power
 16767 | D:9      | Reached skill level 5 in Long Blades
 16768 | D:9      | Gained mutation: Your system is resistant to poisons. [Jiyva's grace]
 16802 | D:9      | Noticed an octopode
 16813 | D:9      | Killed an octopode
 17279 | D:10     | Entered Level 10 of the Dungeon
 17583 | D:10     | Gained mutation: Your natural rate of healing is unusually fast. [Jiyva's grace]
 17728 | D:10     | Found a staircase to the Orcish Mines.
 17731 | D:10     | Gained mutation: Your muscles are strong. (Str +2) [Jiyva's grace]
 17777 | D:10     | Gained mutation: You are somewhat resistant to both further mutation and mutation removal. [Jiyva's grace]
 17798 | D:10     | Lost mutation: Thin tendrils of slime have grown from your body. [Jiyva's grace]
 18137 | Orc:1    | Entered Level 1 of the Orcish Mines
 18164 | D:10     | Gained mutation: Thin tendrils of slime have grown from your body. [Jiyva's grace]
 18187 | D:10     | Gained mutation: You possess an exceptional clarity of mind. [Jiyva's grace]
 18418 | Orc:1    | Lost mutation: Thin tendrils of slime have grown from your body. [Jiyva's grace]
 18451 | Orc:1    | Gained mutation: Your flesh is heat resistant. [Jiyva's grace]
 18492 | Orc:1    | Lost mutation: Your muscles are strong. (Str +2) [Jiyva's grace]
 18562 | Orc:1    | Lost mutation: You possess an exceptional clarity of mind. [Jiyva's grace]
 18699 | Orc:2    | Gained mutation: Your muscles are strong. (Str +2) [Jiyva's grace]
 18786 | Orc:2    | Gained mutation: Your body is partially covered in golden eyeballs (Acc +3). [Jiyva's grace]
 19058 | Orc:3    | Noticed a giant amoeba
 19058 | Orc:3    | an orc knight changed into a giant amoeba
 19208 | Orc:3    | Gained mutation: You can spit poison. [Jiyva's grace]
 19220 | Orc:3    | Found a staircase to the Elven Halls.
 19490 | Orc:4    | Entered Level 4 of the Orcish Mines
 19534 | Orc:4    | Noticed a giant amoeba
 19534 | Orc:4    | a two-headed ogre changed into a giant amoeba
 19536 | Orc:4    | Noticed an ogre mage
 19548 | Orc:3    | Lost mutation: Your muscles are strong. (Str +2) [Jiyva's grace]
 19595 | Orc:3    | Noticed an orc high priest
 19599 | Orc:3    | Noticed a soul eater
 19710 | Orc:3    | Killed an orc high priest
 19779 | Orc:4    | Noticed Urug
 19825 | Orc:4    | Noticed Urug
 19825 | Orc:4    | Urug changed into Urug the giant amoeba
 19836 | Orc:4    | Lost mutation: Your flesh is heat resistant. [Jiyva's grace]
 19842 | Orc:4    | Noticed an ogre mage
 19849 | Orc:4    | Paralysed by an ogre mage for 5 turns
 19852 | Orc:4    | Killed an ogre mage
 20208 | Orc:4    | Noticed an ogre mage
 20209 | Orc:4    | Noticed an ogre mage
 20209 | Orc:4    | an ogre mage changed into a brown ooze
 20273 | Orc:4    | Killed an ogre mage
 20276 | Orc:4    | Gained mutation: You have a small jelly attached to you that senses nearby items. [Jiyva's grace]
 20300 | Orc:4    | an ogre mage changed into a slime creature
 20487 | Orc:4    | Lost mutation: You can spit poison. [Jiyva's grace]
 20508 | Orc:4    | Found a dark tunnel.
 20513 | Orc:4    | Lost mutation: Your body is partially covered in golden eyeballs (Acc +3). [Jiyva's grace]
 20518 | Volcano  | Entered a volcano
 20892 | Volcano  | Found a burning altar of Makhleb.
 21420 | Orc:4    | Found a roughly hewn altar of Beogh.
 21420 | Orc:4    | Noticed an ettin
 21429 | Orc:4    | Killed an ettin
 21429 | Orc:4    | Reached skill level 10 in Long Blades
 21431 | Orc:4    | Reached XP level 12. HP: 59/106 MP: 9/9
 21508 | Orc:4    | Gained mutation: You are dopey. (Int -2) [Jiyva's grace]
 21622 | Orc:4    | Gained mutation: You have a small jelly attached to you that senses nearby items. [Jiyva's grace]
 21660 | Orc:4    | Found Xumuv's Distillery.
 21660 | Orc:4    | Found Aligim's Jewellery Emporium.
 21661 | Orc:4    | Found Oruecvuth's Book Shoppe.
 21661 | Orc:4    | Found Romnoz's Assorted Antiques.
 21679 | Orc:4    | Bought a potion of might for 35 gold pieces
 21679 | Orc:4    | Bought a potion of heal wounds for 42 gold pieces
 21679 | Orc:4    | Bought a potion of speed for 77 gold pieces
 21679 | Orc:4    | Bought a potion of heal wounds for 42 gold pieces
 21679 | Orc:4    | Bought a potion of heal wounds for 42 gold pieces
 21923 | Orc:4    | Gained mutation: Your body is partially covered in golden eyeballs (Acc +3). [Jiyva's grace]
 22450 | D:11     | Identified the Almanac of Floating Talismans
 22519 | D:11     | Noticed Nergalle
 22596 | D:11     | Gained mutation: Armour fits poorly on your pseudopods. [Jiyva's grace]
 22686 | D:11     | Lost mutation: Your system is resistant to poisons. [Jiyva's grace]
 22690 | D:11     | Killed Nergalle
 22720 | D:11     | Found a staircase to the Lair.
 22824 | D:11     | Lost mutation: You are somewhat resistant to both further mutation and mutation removal. [Jiyva's grace]
 23186 | Lair:1   | Entered Level 1 of the Lair of Beasts
 23771 | Lair:2   | Gained mutation: You have sharp fingernails. [Jiyva's grace]
 24002 | Lair:2   | Gained mutation: You are clumsy. (Dex -2) [Jiyva's grace]
 24521 | Lair:2   | Gained mutation: You have a small jelly attached to you that may absorb incoming projectiles. [Jiyva's grace]
 24696 | Lair:2   | Gained mutation: Armour fits poorly on your large pseudopods. [Jiyva's grace]
 25004 | Lair:3   | Found a hole to the Spider Nest.
 25217 | Lair:3   | Reached XP level 13. HP: 75/118 MP: 9/9
 25219 | Lair:3   | Lost mutation: You have a small jelly attached to you that may absorb incoming projectiles. [Jiyva's grace]
 25662 | Lair:3   | the hole to the Spider Nest was a mimic.
 25801 | Lair:4   | Noticed Maud
 25803 | Lair:4   | Identified the Incunabulum of Arcane Weapons and Sinister Rites (You found it on level 4 of the Lair of Beasts)
 26011 | Lair:5   | Noticed Harold
 26029 | Lair:5   | Killed Harold
 26256 | Lair:5   | Found a hole to the Spider Nest.
 26415 | Lair:5   | Lost mutation: Your natural rate of healing is unusually fast. [Jiyva's grace]
 26705 | Lair:6   | Gained mutation: Your body is slowly deteriorating. [Jiyva's grace]
 26726 | Lair:6   | Found a staircase to the Slime Pits.
 26762 | Slime:1  | Entered Level 1 of the Pits of Slime
 26765 | Slime:1  | Noticed an acid blob
 26973 | Slime:3  | Noticed an acid blob
 26995 | Slime:6  | Entered Level 6 of the Pits of Slime
 27001 | Slime:6  | Noticed an acid blob
 27004 | Slime:6  | Noticed an azure jelly
 27008 | Slime:6  | Noticed an azure jelly
 27011 | Slime:6  | Found a viscous altar of Jiyva.
 27011 | Slime:6  | Noticed an azure jelly
 27012 | Slime:6  | Noticed the royal jelly
 27015 | Slime:6  | Noticed an acid blob
 27019 | Slime:6  | Gained mutation: Your skin is partially translucent. [Jiyva's grace]
 27023 | Slime:6  | Noticed an acid blob
 27025 | Slime:6  | Lost mutation: Your skin is partially translucent. [Jiyva's grace]
 27026 | Slime:6  | Killed an acid blob
 27028 | Slime:6  | Noticed an acid blob
 27030 | Slime:6  | Lost mutation: Your body is slowly deteriorating. [Jiyva's grace]
 27049 | Slime:6  | Noticed an acid blob
 27062 | Slime:6  | Identified the Guide on Good Luck (You found it on level 6 of the Pits of Slime)
 27064 | Slime:6  | Gained mutation: You have a pair of small horns on your head. [Jiyva's grace]
 27065 | Slime:6  | Got a slimy rune of Zot
 27079 | Slime:6  | Noticed an azure jelly
 27179 | Slime:6  | Identified Tarola's Incunabulum of Earth and Calling
 27432 | Lair:6   | Gained mutation: Thin tendrils of slime have grown from your body. [Jiyva's grace]
 27727 | Lair:7   | Lost mutation: You are dopey. (Int -2) [Jiyva's grace]
 27805 | Lair:7   | Lost mutation: Armour fits poorly on your large pseudopods. [Jiyva's grace]
 27978 | Lair:7   | Lost mutation: You have a pair of small horns on your head. [Jiyva's grace]
 28322 | Lair:7   | Noticed an acid blob
 28322 | Lair:7   | a death yak changed into an acid blob
 28508 | Lair:8   | Entered Level 8 of the Lair of Beasts
 28670 | Lair:8   | Gained mutation: You have a pair of small horns on your head. [Jiyva's grace]
 28775 | Lair:8   | Lost mutation: You are somewhat resistant to further mutation. [Jiyva's grace]
 28775 | Lair:8   | Gained mutation: You evolve. [Jiyva's grace]
 28797 | Lair:8   | Got a pair of slimy gloves
 28800 | Lair:8   | Identified the +1 pair of gloves of Leapfrog {+Rage +Inv rC++ SInv} (You found it on level 8 of the Lair of Beasts)
 28923 | Lair:8   | Reached skill level 14 in Long Blades
 29139 | Lair:8   | Reached XP level 14. HP: 99/130 MP: 10/10
 29293 | Lair:8   | Gained mutation: You passively map a small area around you. [Jiyva's grace]
 29324 | Lair:8   | Gained mutation: You are very clumsy. (Dex -4) [Jiyva's grace]
 29471 | Lair:8   | Lost mutation: You are very clumsy. (Dex -4) [Jiyva's grace]
 29576 | Lair:8   | Gained mutation: You have a small jelly attached to you that may absorb incoming projectiles. [Jiyva's grace]
 29641 | Lair:8   | Noticed an acid blob
 29641 | Lair:8   | a death yak changed into an acid blob
 30134 | Lair:5   | Lost mutation: You evolve. [Jiyva's grace]
 30134 | Lair:5   | Gained mutation: You are somewhat resistant to further mutation. [Jiyva's grace]
 30139 | Lair:5   | Reached skill level 1 in Shields
 30335 | Lair:4   | Found a staircase to the Shoals.
 30338 | Lair:4   | Noticed Snorg
 30354 | Lair:4   | Killed Snorg
 30395 | Lair:4   | Upgraded the game from 0.14-a0-2443-g5aee772 to 0.14-a0-2604-g6f603d6
 30571 | Lair:4   | Gained mutation: You have a small jelly attached to you that senses nearby items. [Jiyva's grace]
 30643 | Lair:4   | Killed Maud
 31190 | D:12     | Noticed Joseph
 31208 | D:12     | Killed Joseph
 31214 | D:12     | Noticed Nessos
 31252 | D:12     | Killed Nessos
 31512 | D:12     | Gained mutation: Your rubbery body absorbs attacks (AC +1). [Jiyva's grace]
 32015 | D:13     | Found a blossoming altar of Fedhas.
 32019 | D:13     | Found a sparkling altar of Nemelex Xobeh.
 32033 | D:13     | Reached skill level 5 in Shields
 32038 | D:13     | Gained mutation: Your body is mostly covered in golden eyeballs (Acc +5). [Jiyva's grace]
 32134 | D:13     | Gained mutation: You have acidic saliva. [Jiyva's grace]
 32192 | D:13     | Found Wyiplor's Book Emporium.
 32267 | D:13     | Found a portal to a secret trove of treasure.
 32569 | D:14     | Found a gate to the Vaults.
 32569 | D:14     | Noticed Norris
 32697 | D:13     | Lost mutation: Thin tendrils of slime have grown from your body. [Jiyva's grace]
 32865 | D:14     | Found Kuwil's Gadget Shop.
 32865 | D:14     | Noticed Erica
 32877 | D:14     | Killed Erica
 33049 | D:14     | Lost mutation: You have a pair of small horns on your head. [Jiyva's grace]
 33665 | D:14     | Paralysed by Norris for 3 turns
 33671 | D:14     | Killed Norris
 33681 | D:14     | Gained mutation: You are weak. (Str -2) [Jiyva's grace]
 33798 | Vaults:1 | Entered Level 1 of the Vaults
 33812 | D:15     | Entered Level 15 of the Dungeon
 33972 | D:15     | Noticed ghwc's ghost (powerful HEWz)
 34282 | Spider:1 | Entered Level 1 of the Spider Nest
 34289 | Lair:5   | Reached XP level 15. HP: 137/137 MP: 11/11
 34333 | Lair:5   | Lost mutation: Armour fits poorly on your pseudopods. [Jiyva's grace]
 34349 | Lair:5   | Lost mutation: You are clumsy. (Dex -2) [Jiyva's power]
 34716 | Spider:1 | Gained mutation: You are partially covered in rugged brown scales (AC +1, +3% HP). [Jiyva's grace]
 35316 | Spider:1 | Lost mutation: You have acidic saliva. [Jiyva's grace]
 35438 | Spider:1 | Gained mutation: You can spit poison. [Jiyva's grace]
 35463 | Spider:1 | Noticed Sonja
 35476 | Spider:1 | Killed Sonja
 35614 | Spider:1 | Lost mutation: Your body is mostly covered in golden eyeballs (Acc +5). [Jiyva's grace]
 35653 | Spider:1 | Gained mutation: You have supernaturally acute eyesight. [Jiyva's grace]
 35655 | Spider:1 | Lost mutation: You are weak. (Str -2) [Jiyva's power]
 36412 | Spider:1 | Lost mutation: Your rubbery body absorbs attacks (AC +1). [Jiyva's grace]
 37040 | Spider:2 | Gained mutation: Your skin is partially translucent. [Jiyva's grace]
 37459 | Spider:3 | Gained mutation: You have a pair of small antennae on your head. [Jiyva's grace]
 37510 | Spider:3 | Lost mutation: You have supernaturally acute eyesight. [Jiyva's grace]
 37516 | Spider:3 | Identified Sif Muna's Handbook of Good Luck (You found it on level 3 of the Spider Nest)
 37788 | Spider:4 | Noticed an acid blob
 37788 | Spider:4 | a redback changed into an acid blob
 37948 | Spider:4 | Reached skill level 10 in Armour
 37948 | Spider:4 | Gained mutation: Your rubbery body absorbs attacks (AC +1). [Jiyva's grace]
 38175 | Spider:4 | Reached XP level 16. HP: 145/149 MP: 11/11
 38276 | Spider:4 | Lost mutation: You passively map a small area around you. [Jiyva's grace]
 38425 | Spider:5 | Entered Level 5 of the Spider Nest
 38922 | Spider:5 | Noticed Asterion
 38925 | Spider:5 | Noticed a spectral weapon
 39018 | Spider:5 | Lost mutation: Your skin is partially translucent. [Jiyva's grace]
 39154 | Spider:4 | Identified a scroll of acquirement
 39177 | Spider:5 | Noticed a spectral weapon
 39343 | Shoals:1 | Entered Level 1 of the Shoals
 39401 | Shoals:1 | Noticed Roxanne
 39511 | Shoals:1 | Noticed Josephine
 39535 | Shoals:1 | Killed Josephine
 40217 | Shoals:1 | Lost mutation: You can spit poison. [Jiyva's grace]
 40235 | Shoals:1 | Gained mutation: Space occasionally distorts in your vicinity. [Jiyva's grace]
 40236 | Shoals:1 | Lost mutation: Space occasionally distorts in your vicinity. [Jiyva's power]
 40268 | Shoals:1 | Gained mutation: Armour fits poorly on your pseudopods. [Jiyva's grace]
 41033 | Shoals:2 | Lost mutation: Your body is partially covered in golden eyeballs (Acc +3). [Jiyva's grace]
 41040 | Shoals:2 | Gained mutation: Your flesh is heat resistant. [Jiyva's grace]
 41060 | Shoals:2 | Gained mutation: Thin tendrils of slime have grown from your body. [Jiyva's grace]
 41188 | Shoals:2 | Gained mutation: You are agile. (Dex +2) [Jiyva's grace]
 41566 | Shoals:3 | Lost mutation: Thin tendrils of slime have grown from your body. [Jiyva's grace]
 41754 | Shoals:3 | Found Brurgh Tiut's Magical Wand Shop.
 41763 | Shoals:3 | Bought a wand of invisibility (5) for 153 gold pieces
 42095 | Shoals:3 | Lost mutation: Your flesh is heat resistant. [Jiyva's grace]
 42495 | Shoals:4 | Lost mutation: You are agile. (Dex +2) [Jiyva's grace]
 42527 | Shoals:4 | Lost mutation: You are somewhat resistant to further mutation. [Jiyva's grace]
 42646 | Shoals:4 | Gained mutation: Your skin is partially translucent. [Jiyva's grace]
 42897 | Shoals:3 | Reached skill level 15 in Fighting
 43159 | Shoals:4 | Lost mutation: You have a small jelly attached to you that may absorb incoming projectiles. [Jiyva's grace]
 43930 | Shoals:4 | Reached XP level 17. HP: 133/160 MP: 12/12
 44049 | Shoals:4 | Gained mutation: You are partially covered in slimy green scales (AC +2). [Jiyva's grace]
 44369 | Shoals:4 | Reached skill level 16 in Fighting
 44543 | Shoals:5 | Entered Level 5 of the Shoals
 44714 | Shoals:5 | Lost mutation: You are partially covered in rugged brown scales (AC +1, +3% HP). [Jiyva's grace]
 44794 | Shoals:5 | Gained mutation: Your natural rate of healing is unusually fast. [Jiyva's grace]
 44849 | Shoals:5 | Gained mutation: You have acidic saliva. [Jiyva's grace]
 45071 | Shoals:5 | Noticed Ilsuiw
 45179 | Shoals:5 | Gained mutation: Your body is partially covered in golden eyeballs (Acc +3). [Jiyva's grace]
 45559 | Shoals:4 | Lost mutation: Your rubbery body absorbs attacks (AC +1). [Jiyva's grace]
 45586 | Shoals:5 | Reached skill level 17 in Fighting
 46102 | Shoals:5 | Got a barnacled rune of Zot
 46476 | Spider:5 | Killed Asterion
 46939 | Spider:5 | Reached skill level 18 in Fighting
 47198 | Spider:5 | Lost mutation: Armour fits poorly on your pseudopods. [Jiyva's grace]
 47232 | Spider:5 | Gained mutation: You can translocate small distances at will. [Jiyva's grace]
 47363 | Spider:5 | Lost mutation: You have acidic saliva. [Jiyva's grace]
 47568 | Spider:5 | Got a gossamer rune of Zot
 47576 | Spider:5 | Upgraded the game from 0.14-a0-2604-g6f603d6 to 0.14-a0-2618-g5301534
 48232 | Vaults:1 | Noticed Azrael
 48358 | Vaults:1 | Killed Azrael
 48388 | Vaults:1 | Lost mutation: You have a pair of small antennae on your head. [Jiyva's grace]
 48558 | Vaults:1 | Noticed Donald
 48603 | Vaults:1 | Killed Donald
 48609 | Vaults:1 | Reached XP level 18. HP: 173/173 MP: 13/13
 48641 | Vaults:1 | Gained mutation: You have acidic saliva. [Jiyva's grace]
 48707 | Vaults:1 | Noticed a vault warden
 48711 | Vaults:1 | Noticed a vault warden
 48720 | Vaults:1 | Killed a vault warden
 48732 | Vaults:1 | Killed a vault warden
 48845 | Vaults:1 | Gained mutation: Your muscles are strong. (Str +2) [Jiyva's grace]
 48858 | Vaults:1 | Gained mutation: You can spit poison. [Jiyva's grace]
 48916 | Vaults:1 | Reached skill level 19 in Fighting
 49090 | Vaults:1 | Lost mutation: Your natural rate of healing is unusually fast. [Jiyva's grace]
 49467 | Vaults:2 | Lost mutation: Your muscles are strong. (Str +2) [Jiyva's grace]
 49548 | Vaults:2 | Gained mutation: You are clumsy. (Dex -2) [Jiyva's grace]
 49698 | Vaults:2 | Gained mutation: Your skin is mostly translucent (Stlth). [Jiyva's grace]
 49917 | Vaults:2 | Found a frozen archway.
 49926 | IceCv    | Entered an ice cave
 50040 | IceCv    | Got a shimmering great sword
 50047 | IceCv    | Identified the +6,+6 great sword of Two Sept {freeze, rF+ rC+ Stlth++} (You found it in an ice cave)
 50954 | Vaults:2 | Gained mutation: Armour fits poorly on your pseudopods. [Jiyva's grace]
 51201 | Vaults:2 | Reached skill level 20 in Fighting
 51540 | Vaults:2 | Found a staircase to the Crypt.
 51626 | Vaults:3 | Noticed Saint Roka
 51702 | Vaults:2 | Gained mutation: Your rubbery body absorbs attacks (AC +1). [Jiyva's grace]
 51859 | Vaults:3 | Noticed Boris
 52154 | D:15     | Paralysed by an ogre mage for 2 turns
 52303 | D:15     | Found Gruegong's Magic Scroll Shoppe.
 52313 | D:15     | Bought a scroll of blinking for 82 gold pieces
 52509 | D:15     | Lost mutation: Your skin is mostly translucent (Stlth). [Jiyva's grace]
 52614 | D:15     | Killed ghwc's ghost
 52882 | D:15     | Found Skoox's Gadget Shoppe.
 52929 | D:16     | Entered Level 16 of the Dungeon
 53108 | D:16     | Reached skill level 10 in Shields
 53211 | D:16     | Lost mutation: You are clumsy. (Dex -2) [Jiyva's grace]
 53303 | D:16     | Gained mutation: Armour fits poorly on your large pseudopods. [Jiyva's grace]
 53536 | D:16     | Found a staircase to the Depths.
 53553 | Depths:1 | Entered Level 1 of the Depths
 53557 | Depths:1 | Noticed Moksha's ghost (mighty DrMo)
 53781 | Depths:1 | Killed Moksha's ghost
 54187 | Depths:1 | Found a one-way gate leading to the halls of Pandemonium.
 54302 | Depths:1 | Reached XP level 19. HP: 152/185 MP: 13/13
 54327 | Depths:1 | Lost mutation: You can spit poison. [Jiyva's grace]
 54469 | Depths:1 | Gained mutation: You have a small jelly attached to you that senses nearby items. [Jiyva's grace]
 54547 | Depths:1 | Gained mutation: You are mostly covered in slimy green scales (AC +3). [Jiyva's grace]
 54719 | Depths:1 | Gained mutation: Your system is resistant to poisons. [Jiyva's grace]
 54794 | Depths:1 | Found a gateway to Hell.
 54912 | Depths:1 | Got a twitching pewter ring
 54913 | Depths:1 | Identified the ring of Rikaqan {Hunger Str+4} (You found it on level 1 of the Depths)
 55230 | Depths:2 | Gained mutation: You have a small jelly attached to you that may absorb incoming projectiles. [Jiyva's grace]
 55279 | Depths:2 | Reached skill level 1 in Evocations
 55322 | Depths:2 | Lost mutation: Your system is resistant to poisons. [Jiyva's grace]
 56080 | Depths:2 | Reached skill level 5 in Evocations
 56156 | Depths:2 | Noticed a golden dragon
 56191 | Depths:2 | Killed a golden dragon
 56336 | Depths:2 | Lost mutation: Armour fits poorly on your large pseudopods. [Jiyva's grace]
 56356 | Depths:2 | Gained mutation: You are dopey. (Int -2) [Jiyva's grace]
 56622 | Depths:2 | Gained mutation: You can spit poison. [Jiyva's grace]
 56692 | Depths:2 | Lost mutation: You have acidic saliva. [Jiyva's grace]
 56740 | Depths:2 | Lost mutation: You can translocate small distances at will. [Jiyva's grace]
 56938 | Depths:2 | Gained mutation: You have an increased reservoir of magic (+10% MP). [Jiyva's grace]
 57231 | Depths:2 | Gained mutation: You can translocate small distances at will. [Jiyva's grace]
 57426 | Depths:2 | Lost mutation: You are dopey. (Int -2) [Jiyva's grace]
 57441 | Depths:2 | Reached skill level 10 in Evocations
 57572 | Depths:2 | Lost mutation: Armour fits poorly on your pseudopods. [Jiyva's grace]
 57796 | Depths:2 | Gained mutation: Your body is mostly covered in golden eyeballs (Acc +5). [Jiyva's grace]
 58062 | Depths:2 | Reached XP level 20. HP: 165/193 MP: 34/34
 58111 | Depths:2 | Noticed a golden dragon
 58126 | Depths:2 | Killed a golden dragon
 58146 | Depths:2 | Lost mutation: You can spit poison. [Jiyva's grace]
 59026 | Depths:3 | Found a one-way gate to the infinite horrors of the Abyss.
 59132 | Depths:3 | Paralysed by a spriggan for 3 turns
 59612 | Depths:3 | Gained mutation: Your skin is mostly translucent (Stlth). [Jiyva's grace]
 59644 | Depths:3 | Lost mutation: You can translocate small distances at will. [Jiyva's grace]
 59693 | Depths:3 | Gained mutation: You are partially covered in rough black scales (AC +4, Dex -1). [Jiyva's grace]
 59842 | Depths:3 | Lost mutation: You are partially covered in rough black scales (AC +4, Dex -1). [Jiyva's grace]
 60029 | Depths:3 | Reached skill level 15 in Bows
 60241 | Depths:3 | Lost mutation: You are mostly covered in slimy green scales (AC +3). [Jiyva's grace]
 62062 | Depths:4 | Noticed a golden dragon
 62072 | Depths:4 | Killed a golden dragon
 62166 | Depths:4 | Gained mutation: Armour fits poorly on your pseudopods. [Jiyva's grace]
 62287 | Depths:4 | Lost mutation: Armour fits poorly on your pseudopods. [Jiyva's grace]
 62517 | Depths:4 | Paralysed by a sphinx for 5 turns
 62555 | Depths:4 | Lost mutation: You have sharp fingernails. [Jiyva's grace]
 62561 | Depths:4 | Gained mutation: Your muscles are strong. (Str +2) [Jiyva's grace]
 62577 | Depths:4 | Gained mutation: You are covered in fur (AC +1). [Jiyva's grace]
 62681 | Depths:4 | Lost mutation: Your body is mostly covered in golden eyeballs (Acc +5). [Jiyva's grace]
 62950 | Depths:4 | Reached XP level 21. HP: 201/201 MP: 35/35
 63037 | Depths:4 | Lost mutation: Your body is partially covered in golden eyeballs (Acc +3). [Jiyva's grace]
 63141 | Depths:4 | Gained mutation: Your transparent skin reduces the accuracy of your foes (Stlth). [Jiyva's grace]
 63171 | Depths:4 | Lost mutation: Your transparent skin reduces the accuracy of your foes (Stlth). [Jiyva's grace]
 63235 | Depths:4 | Upgraded the game from 0.14-a0-2618-g5301534 to 0.14-a0-2632-gd2f732a
 63260 | Depths:5 | Gained mutation: You have a very fast metabolism. [potion of mutation]
 63261 | Depths:5 | Lost mutation: You have a very fast metabolism. [Jiyva's power]
 63355 | Depths:5 | Lost mutation: Your rubbery body absorbs attacks (AC +1). [Jiyva's grace]
 63561 | Depths:5 | Noticed Jorgrun
 63569 | Depths:5 | Gained mutation: Your muscles are very strong. (Str +4) [Jiyva's grace]
 63596 | Depths:5 | Noticed Jorgrun
 63596 | Depths:5 | Jorgrun changed into Jorgrun the azure jelly
 63746 | Depths:5 | Gained mutation: You are covered in thick fur (AC +2). [Jiyva's grace]
 63977 | Depths:5 | Lost mutation: Your skin is mostly translucent (Stlth). [Jiyva's grace]
 64040 | Depths:5 | Gained mutation: Armour fits poorly on your pseudopods. [Jiyva's grace]
 64076 | Depths:5 | Reached skill level 21 in Bows
 64101 | Depths:5 | Lost mutation: You have an increased reservoir of magic (+10% MP). [Jiyva's grace]
 64242 | Depths:5 | Gained mutation: Your spells are a little harder to cast, but a little more powerful. [Jiyva's grace]
 64260 | Depths:5 | Paralysed by a sphinx for 5 turns
 64341 | Depths:5 | Gained mutation: You possess an exceptional clarity of mind. [Jiyva's grace]
 64746 | Depths:5 | Found Freref's Distillery.
 64749 | Depths:5 | Bought 2 potions of speed for 220 gold pieces
 64749 | Depths:5 | Bought a potion of heal wounds for 60 gold pieces
 64749 | Depths:5 | Bought a potion of curing for 40 gold pieces
 64749 | Depths:5 | Bought a potion of curing for 40 gold pieces
 64873 | Depths:6 | Entered Level 6 of the Depths
 65005 | Depths:6 | Found a gateway to a ziggurat.
 65138 | Depths:6 | Reached skill level 22 in Bows
 65252 | Depths:6 | Gained mutation: You have a somewhat thin skeletal structure (Dex +2, Stlth). [Jiyva's grace]
 65404 | Depths:6 | Lost mutation: You have a small jelly attached to you that may absorb incoming projectiles. [Jiyva's grace]
 65531 | Depths:6 | Gained mutation: You have a small jelly attached to you that may absorb incoming projectiles. [Jiyva's grace]
 65591 | Depths:6 | Reached skill level 23 in Bows
 65609 | Depths:6 | Gained mutation: You have a pair of small antennae on your head. [Jiyva's grace]
 65680 | Depths:6 | Noticed Mennas
 65722 | Depths:6 | Killed Mennas
 65778 | Depths:6 | Found a gate to the Realm of Zot.
 65963 | Depths:6 | Reached XP level 22. HP: 181/209 MP: 32/32
 66059 | Depths:6 | Gained mutation: Your skin is mostly translucent (Stlth). [Jiyva's grace]
 66361 | Zot:1    | Entered Level 1 of the Realm of Zot
 66361 | Zot:1    | Noticed a curse toe
 66365 | Depths:6 | a curse toe changed into a death ooze
 67849 | Zot:3    | Got a transparent copper ring
 68219 | Zot:3    | Lost mutation: You have a small jelly attached to you that may absorb incoming projectiles. [Jiyva's grace]
 68640 | Zot:2    | Identified the ring of the Mackerel {AC+2 Str+3 Int+2} (You found it on level 3 of the Realm of Zot)
 69083 | Zot:1    | Gained mutation: Your flesh is heat resistant. [Jiyva's grace]
 69828 | Zot:1    | Gained mutation: Your transparent skin reduces the accuracy of your foes (Stlth). [Jiyva's grace]
 69995 | Zot:2    | Reached skill level 15 in Armour
 70247 | Zot:2    | Gained mutation: You have a small jelly attached to you that senses nearby items. [Jiyva's grace]
 70309 | Zot:2    | Lost mutation: Your transparent skin reduces the accuracy of your foes (Stlth). [Jiyva's grace]
 70451 | Zot:2    | Reached XP level 23. HP: 190/216 MP: 33/33
 70622 | Zot:2    | Gained mutation: You have a small jelly attached to you that may absorb incoming projectiles. [Jiyva's grace]
 71159 | Zot:3    | Lost mutation: Your muscles are very strong. (Str +4) [Jiyva's grace]
 71853 | Zot:4    | Lost mutation: You have a small jelly attached to you that may absorb incoming projectiles. [Jiyva's grace]
 72631 | Zot:4    | Lost mutation: Armour fits poorly on your pseudopods. [Jiyva's grace]
 72899 | Zot:5    | Entered Level 5 of the Realm of Zot
 73143 | Zot:5    | Noticed a curse toe
 73394 | Zot:5    | Killed a curse toe
 73739 | Zot:5    | Lost mutation: You are covered in thick fur (AC +2). [Jiyva's grace]
 74060 | Zot:5    | Noticed an ancient lich
 74072 | Zot:5    | an ancient lich changed into a death ooze
 74240 | Zot:5    | Lost mutation: You are covered in fur (AC +1). [Jiyva's grace]
 74374 | Zot:5    | Noticed an orb of fire
 74392 | Zot:5    | Gained mutation: You have a very fast metabolism. [an orb of fire]
 74403 | Zot:5    | Gained mutation: You are clumsy. (Dex -2) [an orb of fire]
 74412 | Zot:5    | Killed an orb of fire
 74867 | Zot:5    | Lost mutation: Your spells are a little harder to cast, but a little more powerful. [Jiyva's grace]
 74879 | Zot:5    | Noticed an ancient lich
 75253 | Zot:5    | Killed an ancient lich
 75270 | Zot:5    | Lost mutation: You are clumsy. (Dex -2) [Jiyva's grace]
 75628 | Zot:5    | Noticed an orb of fire
 75683 | Zot:5    | Killed an orb of fire
 75683 | Zot:5    | Reached XP level 24. HP: 159/224 MP: 33/33
 75873 | Zot:5    | Noticed an ancient lich
 75896 | Zot:5    | an ancient lich changed into a death ooze
 76625 | Zot:5    | Gained mutation: You have a small jelly attached to you that may absorb incoming projectiles. [Jiyva's grace]
 76645 | Zot:5    | Gained mutation: You occasionally shout uncontrollably. [Jiyva's grace]
 76855 | Zot:5    | Lost mutation: You occasionally shout uncontrollably. [Jiyva's power]
 76868 | Zot:5    | Noticed an orb of fire
 76869 | Zot:5    | Gained mutation: You are frail (-10% HP). [an orb of fire]
 76922 | Zot:5    | Gained mutation: You occasionally shout uncontrollably. [an orb of fire]
 76929 | Zot:5    | Gained mutation: Space occasionally distorts in your vicinity. [an orb of fire]
 76936 | Zot:5    | Killed an orb of fire
 76937 | Zot:5    | Lost mutation: You have a very fast metabolism. [Jiyva's power]
 76938 | Zot:5    | Lost mutation: Space occasionally distorts in your vicinity. [Jiyva's power]
 76939 | Zot:5    | Lost mutation: You are frail (-10% HP). [Jiyva's power]
 77223 | Zot:5    | Noticed an ancient lich
 77257 | Zot:5    | Killed an ancient lich
 77437 | Zot:5    | Lost mutation: You have a somewhat thin skeletal structure (Dex +2, Stlth). [Jiyva's grace]
 77724 | Zot:5    | Slain by an Orb Guardian

Action                   |  1- 3 |  4- 6 |  7- 9 | 10-12 | 13-15 | 16-18 | 19-21 | 22-24 || total
-------------------------+-------+-------+-------+-------+-------+-------+-------+-------++-------
Melee: Short sword       |   141 |   197 |   141 |     6 |       |       |       |       ||   485
       Long sword        |       |       |   267 |  1319 |   919 |       |       |       ||  2505
       Mace              |       |       |     2 |       |       |       |       |       ||     2
       Bow               |       |       |       |     1 |       |       |       |       ||     1
       Demon blade       |       |       |       |       |   299 |  1159 |  1440 |  1160 ||  4058
       Scimitar          |       |       |       |       |   774 |  1457 |   347 |   142 ||  2720
       Unarmed           |       |       |       |       |    21 |       |       |       ||    21
       Eudemon blade     |       |       |       |       |       |       |       |   289 ||   289
 Fire: Bow               |       |    41 |   210 |   111 |     8 |    23 |       |       ||   393
       Longbow           |       |       |       |    78 |   177 |    16 |    50 |    15 ||   336
Throw: Throwing net      |       |       |     1 |       |       |       |       |       ||     1
Invok: Request Jelly     |       |       |       |     3 |     1 |     9 |     1 |     2 ||    16
       Slimify           |       |       |       |    10 |     8 |     8 |     4 |     9 ||    39
       Jelly Paralyse    |       |       |       |     5 |    26 |     4 |     8 |       ||    43
       Cure Bad Mutation |       |       |       |       |     2 |     1 |     1 |     4 ||     8
 Abil: Evoke Invisibilit |       |       |       |       |       |       |       |     1 ||     1
Evoke: Wand              |       |       |     7 |     5 |     8 |     9 |     7 |     3 ||    39
  Use: Potion            |       |     3 |     3 |     8 |    12 |    11 |     3 |    13 ||    53
       Scroll            |       |    14 |    11 |     9 |    16 |    16 |    12 |    10 ||    88
 Stab: Confused          |       |       |       |    10 |    32 |    18 |    11 |       ||    71
       Distracted        |       |       |       |     1 |       |       |       |       ||     1
       Invisible         |       |       |       |       |       |       |       |     2 ||     2
